 Dungeon Crawl Stone Soup version 0.30-a0-918-g0ff054e9dc (webtiles) character file.

Game seed: 15801690758184751303

373 Twinkles the Chopper (level 6, -8/56 HPs)
             Began as a Hill Orc Reaver on Mar 20, 2023.
             Splashed by a jelly's acid (10 damage)
             ... on level 4 of the Dungeon.
             The game lasted 00:09:09 (3674 turns).

Twinkles the Chopper (Hill Orc Reaver)              Turns: 3674, Time: 00:09:09

Health: -8/56      AC: -8    Str: 17    XL:     6   Next: 71%
Magic:  8/8        EV: 12    Int: 13    God:
Gold:   89         SH:  0    Dex:  9    Spells: 7/8 levels left

rFire   . . .      SeeInvis .    a - +0 war axe
rCold   . . .      Faith    .    (no shield)
rNeg    . . .      Spirit   .    b - +0 leather armour
rPois   .          Reflect  .    (no helmet)
rElec   .          Rampage  .    c - scarf {repulsion}
rCorr   .                        f - +0 pair of gloves
Will    .....                    (no boots)
Stlth   +                        (no amulet)
HPRegen 0.29/turn                (no ring)
MPRegen 0.11/turn                (no ring)

@: corroded, repel missiles
A: no striking features
a: no special abilities


You were on level 4 of the Dungeon.
You visited 1 branch of the dungeon, and saw 4 of its levels.

You collected 201 gold pieces.
You spent 112 gold pieces at shops.

Inventory:

Hand Weapons
 a - a +0 war axe (weapon)
 e - a +0 sling
 g - a +1 mace of draining
 v - a +3 rapier
Missiles
 h - 7 boomerangs
 j - 5 curare-tipped darts
 l - 9 poisoned darts (quivered)
Armour
 b - a +0 leather armour (worn)
 c - a scarf of repulsion (worn)
 f - a +0 pair of gloves (worn)
Magical Staves
 m - a staff of poison
Scrolls
 d - 2 scrolls of torment {unknown}
 i - a scroll of amnesia {unknown}
 n - a scroll of brand weapon {unknown}
 o - a scroll of fear {unknown}
 q - 2 scrolls of teleportation {unknown}
 s - 2 scrolls of vulnerability {unknown}
 t - 2 scrolls of immolation {unknown}
 u - a scroll of fog {unknown}
 w - a scroll of enchant armour {unknown}
 D - a scroll of blinking
 Z - 5 scrolls of identify
Potions
 k - a potion of heal wounds {unknown}
 p - a potion of flight {unknown}
 r - a potion of ambrosia {unknown}
 x - a potion of haste {unknown}
 J - 5 potions of curing


   Skills:
 + Level 5.1 Fighting
 + Level 6.4 Axes
 + Level 3.5 Dodging
 - Level 1.5 Spellcasting
 - Level 3.0 Conjurations


You had 7 spell levels left.
You knew the following spells:

 Your Spells              Type           Power      Damage    Failure   Level
a - Kiss of Death         Conj/Necr      16%        2d6       19%         1

Your spell library contained the following spells:

 Spells                   Type           Power      Damage    Failure   Level
 Shock                    Conj/Air       16%        1d4       19%         1
 Momentum Strike          Conj/Tloc      8%         3d8       26%         2
 Hailstorm                Conj/Ice       4%         3d4       47%         3


Dungeon Overview and Level Annotations

Branches:
Dungeon (4/15) Zot: 20276
 Temple: D:4-7

Altars:
Ashenzari
Hepliaklqana
Sif Muna
Trog

Shops:
D:2 *   D:3 ?:*[


Message History

A ball python comes into view.
The ball python hisses angrily.
The ball python barely misses you. The ball python grabs you.
The ball python constricts you.
You slash the ball python!
You kill the ball python!
No target in view!
No target in view!
You open the door.
There is an open door here.
There is an open door here.
You open the door.
Found a long sword.
There is an open door here.
Found a cloak.
A jelly comes into view.
The jelly quivers.
You hit the jelly but do no damage.
Your hands burn!
The jelly hits you. The acid corrodes you!
You are splashed with acid.
You slash the jelly!
Your hands burn!
The jelly is heavily wounded.
The jelly closely misses you.
You barely miss the jelly.
The jelly is heavily wounded.
The jelly barely misses you.
You hit the jelly.
Your hands burn!
The jelly is severely wounded.
The jelly hits you.
You are splashed with acid!
You hit the jelly. The acid corrodes you!
Your hands burn!
The jelly is almost dead.
The jelly hits you. The acid corrodes you!
You are splashed with acid!
The jelly hits you.
You are splashed with acid!
* * * LOW HITPOINT WARNING * * *
You hit the jelly but do no damage.
Your hands burn!
* * * LOW HITPOINT WARNING * * *
The jelly is almost dead.
The jelly hits you.
* * * LOW HITPOINT WARNING * * *
The acid corrodes you!
You are splashed with acid!
You die...

####'###....#.....
#......#....#.....
#......#....#.....
#......#....#.....
#....).#....#.....
#......#....'.....
#......#....#.....
+......#....#.....
#@.....######.....
......J[................
#.......................
#.......................
#......####+#...........
#......# ###'########
#......# +...........
#......#######..........
#............#..........


You could see a jelly.

Vanquished Creatures
  An ogre (D:4)
  A phantom (D:3)
  Jessica (D:3)
  Terence (D:3)
  9 adders
  An ufetubus (D:4)
  A dart slug (D:4)
  6 orcs
  8 ball pythons
  5 bats
  10 endoplasms
  4 giant cockroaches
  8 goblins
  A hobgoblin (D:2)
  7 kobolds
  5 quokkas
  A frilled lizard (D:2)
  2 rats (D:1)
72 creatures vanquished.

Notes
Turn   | Place    | Note
-------+----------+-------------------------------------------
     0 | D:1      | Twinkles the Hill Orc Reaver began the quest for the Orb.
     0 | D:1      | Reached XP level 1. HP: 18/18 MP: 3/3
   122 | D:1      | Reached XP level 2. HP: 25/25 MP: 4/4
   735 | D:2      | Reached XP level 3. HP: 31/31 MP: 5/5
  1295 | D:2      | Reached XP level 4. HP: 20/38 MP: 6/6
  1400 | D:2      | Found Yxoovvo's General Store.
  1409 | D:2      | Bought a scroll of blinking for 90 gold pieces
  1630 | D:3      | Found Fuymitu's Magic Scroll Boutique.
  1638 | D:3      | Bought a scroll of identify for 22 gold pieces
  1701 | D:3      | Reached skill level 5 in Axes
  1791 | D:3      | Found Geng's Book Boutique.
  1880 | D:3      | Found Jucoll's Armour Shoppe.
  1896 | D:3      | Found Arehirr's Antique Armour Boutique.
  2064 | D:3      | Found a broken altar of Ashenzari.
  2099 | D:3      | Reached XP level 5. HP: 31/46 MP: 7/7
  2214 | D:3      | Found a hazy altar of Hepliaklqana.
  2250 | D:3      | Found Tedgh's Assorted Antiques.
  2446 | D:3      | Noticed Terence
  2447 | D:3      | Found a bloodstained altar of Trog.
  2463 | D:3      | Killed Terence
  2532 | D:3      | Noticed Jessica
  2536 | D:3      | Killed Jessica
  2547 | D:3      | Found a shimmering blue altar of Sif Muna.
  2551 | D:3      | Got Sif Muna's Information on Arcane Weapons
  2801 | D:4      | Noticed a phantom
  2825 | D:3      | HP: 14/47 [phantom (7)]
  2830 | D:3      | Killed a phantom
  2831 | D:3      | Reached skill level 6 in Axes
  2831 | D:3      | Reached XP level 6. HP: 13/53 MP: 8/8
  3430 | D:4      | HP: 8/55 [ogre/+0 giant club (29)]
  3445 | D:4      | Reached skill level 5 in Fighting
  3673 | D:4      | HP: 10/56 [acid (9)]
  3674 | D:4      | HP: 2/56 [jelly (3)]
  3674 | D:4      | Splashed by a jelly's acid

Illustrated notes

Levels and vault maps discovered:
D:1:      giann_wishing_wells, layout_basic
D:2:      kb_forest_paths, layout_loops_corners, serial_shops,
          nicolae_shop_stone
D:3:      layout_loops_ring, nzn_overflow_gifts_of_might_and_magic,
          cheibrodos_ashenzari_chains, worldfamousw_hep_ancestral_shrine,
          serial_shops, nicolae_shop_statue_plus, nicolae_shop_trees, shop,
          shop, nicolae_shop_waterfront, grunt_ministairs_6
D:4:      layout_gridville, mainiacjoe_overflow_boulevard,
          nicolae_overflow_two_pavilions, mainiacjoe_overflow_chevrons,
          kennysheep_small_spiral, serial_park_tiny_1

Skill      XL: |  1  2  3  4  5  6 |
---------------+-------------------+-----
Fighting       | 3 4 5 |  5.1
Dodging        | 2 3 |  3.5
Axes           | 5 6 |  6.4
Spellcasting   | |  1.5
Conjurations   | |  3.0

Action                     |  1- 3 |  4- 6 || total
---------------------------+-------+-------++-------
  Melee: Hand axe          |    96 |       ||    96
         War axe           |    28 |   153 ||   181
         Punch             |       |     1 ||     1
  Throw: Dart              |       |     6 ||     6
    Use: Scroll            |       |     1 ||     1
 Armour: Leather armour    |    45 |    48 ||    93
  Dodge: Dodged            |    88 |    96 ||   184
         Repelled          |       |     1 ||     1

Table legend: (Time is in decaauts)
 A = Elapsed time spent in this place.
 B = Non-inter-level travel time spent in this place.
 C = Inter-level travel time spent in this place.
 D = Time resting spent in this place.
 E = Time spent auto-exploring this place.
 F = Levels seen in this place.
 G = Mean time per level.
                   A        B        C        D        E       F      G
               +--------+--------+--------+--------+--------+-----+--------+
         Total |   3722 |   3519 |    203 |    187 |   2699 |   4 |  930.5 |
       Dungeon |   3722 |   3519 |    203 |    187 |   2699 |   4 |  930.5 |
               +--------+--------+--------+--------+--------+-----+--------+

Top non-repeatable levels by time:
     D:3: 1373 daAuts
     D:2: 1047 daAuts
     D:4: 713 daAuts
     D:1: 587 daAuts
